 Dungeon Crawl Stone Soup version 0.21.1-1-g345015f (webtiles) character file.

248 Kairos the Shield-Bearer (level 6, -9/48 HPs)
             Began as a Human Fighter on Apr 1, 2018.
             Killed by divine providence
             ... invoked by an orc priest
              (17 damage)
             ... on level 3 of the Dungeon.
             The game lasted 00:03:47 (2133 turns).

Kairos the Shield-Bearer (Human Fighter)            Turns: 2133, Time: 00:03:48

Health: -9/48      AC:  7    Str: 16    XL:     6   Next: 34%
Magic:  6/6        EV:  7    Int:  9    God:
Gold:   161        SH:  9    Dex: 14    Spells: 5/5 levels left

rFire    . . .     SeeInvis .   g - +2 whip (venom)
rCold    . . .     Gourm    .   c - +0 shield
rNeg     . . .     Faith    .   b - +0 scale mail
rPois    .         Spirit   .   (no helmet)
rElec    .         Reflect  .   (no cloak)
rCorr    .         Harm     .   (no gloves)
MR       .....                  (no boots)
Stlth    ..........             (no amulet)
HPRegen  0.16/turn              (no ring)
MPRegen  0.10/turn              (no ring)

@: no status effects
A: no striking features
a: no special abilities


You were on level 3 of the Dungeon.
You were not hungry.

You visited 1 branch of the dungeon, and saw 3 of its levels.

You collected 161 gold pieces.

Inventory:

Hand Weapons
 a - a +0 war axe
 g - a +2 whip of venom (weapon)
Missiles
 t - a throwing net (quivered)
 u - 5 tomahawks
Armour
 b - a +0 scale mail (worn)
 c - a +0 shield (worn)
Scrolls
 h - 2 scrolls of identify {unknown}
 i - a scroll of amnesia {unknown}
 l - 2 scrolls of random uselessness {unknown}
 m - 2 scrolls of remove curse {unknown}
 o - 2 scrolls of immolation {unknown}
 q - 2 scrolls of enchant weapon {unknown}
Potions
 d - a potion of might
 e - 2 potions of agility {unknown}
 j - 2 potions of heal wounds {unknown}
 k - a potion of degeneration {unknown}
 n - a potion of resistance {unknown}
 p - a potion of haste {unknown}
 r - a potion of flight {unknown}
 s - a potion of berserk rage {unknown}
Comestibles
 f - 5 rations
 v - a chunk of flesh


   Skills:
 + Level 3.9 Fighting
 - Level 2.9(3.4) Axes
 + Level 2.4(3.1) Maces & Flails
 + Level 3.7 Armour
 + Level 1.0 Dodging
 + Level 0.5 Stealth
 + Level 4.0 Shields


You had 5 spell levels left.
You didn't know any spells.

Dungeon Overview and Level Annotations

Branches:
Dungeon (3/15)

Altars:
Ashenzari
Hepliaklqana
Kikubaaqudgha
Zin


Message History

You block the orc's attack.
The orc priest miscasts a cantrip.
The orc priest mumbles some strange prayers to Beogh against you.
Beogh smites you!
* * * LOW HITPOINT WARNING * * *
There is an escape hatch in the floor here.
You are too injured to fight recklessly!
You are too injured to fight recklessly!
You hit the orc.
The orc is poisoned.
The orc is heavily wounded.
You block the orc's attack.
You hit the orc.
You kill the orc!
You barely miss the adder. You block the adder's attack.
You closely miss the adder. You block the adder's attack.
The adder bites you but does no damage.
You hit the adder but do no damage.
The adder is poisoned.
The orc priest invokes the aid of Beogh against you.
Beogh smites you!
You die...

... #.##..#..#.# ...
##.#..#÷# ###.#####
#....#.# ........#
##...#.# #....# #...#.#
#######..)o#######>...#
...........o.o.oo##.###
#######....#####S##.#
## #....# #@##.# ..
......### #.##.# ##
#####. #)##.# #. #.##.#
#. ###.##.# #. #.†.##.#
#.####.# #......#
########


You could see an orc priest, an adder and an orc.

Vanquished Creatures
  The ghost of Pad the Ruffian, an amateur NaTm (D:3)
  An orc priest (D:3)
  An iguana (D:2)
  5 adders
  2 worms
  3 leopard geckos
  2 orcs (D:3)
  A giant cockroach (D:1)
  9 goblins
  2 hobgoblins
  A quokka (D:3)
  8 bats
  5 frilled lizards
  9 kobolds
  7 rats
57 creatures vanquished.

Notes
Turn   | Place    | Note
-------+----------+-------------------------------------------
     0 | D:1      | Kairos the Human Fighter began the quest for the Orb.
     0 | D:1      | Reached XP level 1. HP: 18/18 MP: 1/1
    52 | D:1      | Reached XP level 2. HP: 22/24 MP: 2/2
   133 | D:1      | Found a shattered altar of Ashenzari.
   230 | D:1      | Reached XP level 3. HP: 21/29 MP: 3/3
   775 | D:2      | Reached XP level 4. HP: 23/35 MP: 4/4
   990 | D:2      | Found an ancient bone altar of Kikubaaqudgha.
  1169 | D:2      | Found a glowing silver altar of Zin.
  1170 | D:2      | Found a hazy altar of Hepliaklqana.
  1486 | D:3      | Reached skill level 1 in Maces & Flails
  1632 | D:3      | Reached XP level 5. HP: 40/41 MP: 5/5
  1663 | D:3      | Noticed Pad's ghost (amateur NaTm)
  1685 | D:3      | Killed Pad's ghost
  1685 | D:3      | Reached XP level 6. HP: 19/47 MP: 6/6
  2074 | D:3      | Reached skill level 4 in Shields
  2118 | D:3      | Reached skill level 1 in Dodging
  2133 | D:3      | Killed from afar by an orc priest

Skill      XL: |  1  2  3  4  5  6 |
---------------+-------------------+-----
Maces & Flails | 1 2 |  2.4
Shields        | 4 |  4.0
Dodging        | 1 |  1.0
Fighting       | |  3.9
Axes           | |  2.9
Armour         | |  3.7
Stealth        | |  0.5

Action                   |  1- 3 |  4- 6 || total
-------------------------+-------+-------++-------
Melee: War axe           |    47 |       ||    47
       Whip              |    39 |   114 ||   153
  Eat: Chunk             |       |     4 ||     4
Armor: Scale mail        |    45 |    27 ||    72
Dodge: Dodged            |    20 |    21 ||    41
Block: Shield            |    44 |    51 ||    95
